 Dungeon Crawl Stone Soup version 0.29-a0-360-g8ed1089bbe (webtiles) character file.

Game seed: 780892523560750116

86 jaega1 the Chopper (level 4, -1/39 HPs)
             Began as a Hill Orc Fighter on Apr 28, 2022.
             Slain by a hobgoblin (4 damage)
             ... on level 2 of the Dungeon.
             The game lasted 00:02:26 (1787 turns).

jaega1 the Chopper (Hill Orc Fighter)               Turns: 1787, Time: 00:02:27

Health: -1/39      AC:  6    Str: 18    XL:     4   Next: 49%
Magic:  4/4        EV:  9    Int:  8    God:
Gold:   107        SH:  4    Dex: 12    Spells: 3/3 levels left

rFire   . . .      SeeInvis .   a - +0 war axe
rCold   . . .      Faith    .   c - +0 buckler
rNeg    . . .      Spirit   .   b - +0 scale mail
rPois   .          Reflect  .   (no helmet)
rElec   .          Harm     .   (no cloak)
rCorr   .          Rampage  .   (no gloves)
Will    .....                   (no boots)
Stlth   ..........              (no amulet)
HPRegen 0.13/turn               (no ring)
MPRegen 0.09/turn               (no ring)

@: no status effects
A: no striking features
a: no special abilities


You were on level 2 of the Dungeon.
You visited 1 branch of the dungeon, and saw 3 of its levels.

You collected 107 gold pieces.

Inventory:

Hand Weapons
 a - a +0 war axe (weapon)
 j - a +2 hunting sling of flaming
Missiles
 k - 46 stones (quivered)
Armour
 b - a +0 scale mail (worn)
 c - a +0 buckler (worn)
Scrolls
 f - 2 scrolls of teleportation {unknown}
 g - a scroll of identify {unknown}
 h - a scroll of immolation {unknown}
 l - a scroll of blinking {unknown}
 p - a scroll of magic mapping {unknown}
 q - a scroll of enchant weapon {unknown}
 s - a scroll of noise {unknown}
Potions
 d - a potion of might
 e - a potion of flight {unknown}
 i - a potion of brilliance {unknown}
 m - 2 potions of degeneration {unknown}
 n - 2 potions of heal wounds {unknown}
 o - a potion of cancellation {unknown}
 r - a potion of haste {unknown}


   Skills:
 - Level 3.6 Fighting
 + Level 6.1 Axes
 - Level 3.2 Armour
 - Level 3.2 Shields


You had 3 spell levels left.
You didn't know any spells.
Your spell library contained the following spells:

 Spells                   Type           Power      Damage    Failure   Level
 Pain                     Necr           0%         1d4       87%         1
 Agony                    Necr           0%         N/A       100%        5
 Excruciating Wounds      Necr           0%         N/A       100%        5


Dungeon Overview and Level Annotations

Branches:
Dungeon (3/15)

Altars:
Cheibriados


Message History

You kill the gnoll!
The gnoll completely misses you.
Your Axes skill increases to level 6!
Unknown command.
The gnoll hits you with a +0 halberd. You block the gnoll's attack.
Things that are here:
a +0 flail; a +0 whip You slash the gnoll!
The gnoll is almost dead.
The gnoll hits you with a +0 halberd! The gnoll closely misses you.
You closely miss the gnoll.
The gnoll is almost dead.
You block the gnoll's attack. The gnoll closely misses you.
You completely miss the gnoll.
The gnoll is almost dead.
The gnoll hits you with a +0 halberd!
* * * LOW HITPOINT WARNING * * *
The gnoll barely misses you. The gnoll closely misses you.
The gnoll hits you from afar with a +0 spear.
* * * LOW HITPOINT WARNING * * *
The gnoll hits you from afar with a +0 halberd.
* * * LOW HITPOINT WARNING * * *
A hobgoblin comes into view.
The hobgoblin shouts!
The hobgoblin attacks as you move away! The hobgoblin barely misses you.
The hobgoblin attacks as you move away!
The hobgoblin hits you but does no damage.
The hobgoblin attacks as you move away! The hobgoblin closely misses you.
The hobgoblin attacks as you move away!
The hobgoblin hits you but does no damage.
There is a stone staircase leading up here.
The hobgoblin hits you.
* * * LOW HITPOINT WARNING * * *
You block the gnoll's attack.
You climb upwards.
There is a stone staircase leading down here.
You hit the hobgoblin.
The hobgoblin is severely wounded.
The hobgoblin hits you.
You die...

###############.####.####.#
#.........................#
##.############......####.#
#.# #.####.# #.# #.#
#####.## #.####.. #.######
#......###......# #......#
#................
######.###g...............
#.##@................
#.##..........)#+###.
##'##...............#.
#...................#.
#..........<..........
#...........#........#
#...........#.........
#.....................
#....#................


You could see a hobgoblin.

Vanquished Creatures
  2 gnolls (D:3)
  3 adders
  2 dart slugs (D:2)
  An orc (D:3)
  A ball python (D:1)
  An endoplasm (D:1)
  2 giant cockroaches (D:1)
  2 goblins (D:2)
  5 hobgoblins
  A quokka (D:1)
  4 bats
  2 frilled lizards (D:2)
  6 kobolds
  4 rats
36 creatures vanquished.

Notes
Turn   | Place    | Note
-------+----------+-------------------------------------------
     0 | D:1      | jaega1 the Hill Orc Fighter began the quest for the Orb.
     0 | D:1      | Reached XP level 1. HP: 19/19 MP: 1/1
    90 | D:1      | Reached skill level 3 in Axes
   292 | D:1      | Reached XP level 2. HP: 26/26 MP: 2/2
   410 | D:1      | Reached skill level 4 in Axes
   689 | D:2      | Reached XP level 3. HP: 25/31 MP: 3/3
  1048 | D:2      | Reached skill level 5 in Axes
  1430 | D:2      | Found a snail-covered altar of Cheibriados.
  1768 | D:3      | Reached XP level 4. HP: 37/39 MP: 4/4
  1772 | D:3      | Reached skill level 6 in Axes
  1787 | D:2      | Slain by a hobgoblin

Illustrated notes

Levels and vault maps discovered:
D:1:      tarquinn_simple_flora_water_b, layout_rooms
D:2:      layout_basic, basic_altar
D:3:      layout_basic

Skill      XL: |  1  2  3  4 |
---------------+-------------+-----
Axes           | 3 4 5 6 |  6.1
Fighting       | |  3.6
Armour         | |  3.2
Shields        | |  3.2

Action                   |  1- 3 |  4- 6 || total
-------------------------+-------+-------++-------
Melee: War axe           |    84 |     8 ||    92
Armor: Scale mail        |    53 |     3 ||    56
Dodge: Dodged            |    48 |     9 ||    57
Block: Buckler           |    22 |     3 ||    25

Table legend: (Time is in decaauts)
 A = Elapsed time spent in this place.
 B = Non-inter-level travel time spent in this place.
 C = Inter-level travel time spent in this place.
 D = Time resting spent in this place.
 E = Time spent auto-exploring this place.
 F = Levels seen in this place.
 G = Mean time per level.
                   A        B        C        D        E       F      G
               +--------+--------+--------+--------+--------+-----+--------+
         Total |   1817 |   1730 |     87 |    291 |   1123 |   3 |  605.7 |
       Dungeon |   1817 |   1730 |     87 |    291 |   1123 |   3 |  605.7 |
               +--------+--------+--------+--------+--------+-----+--------+

Top non-repeatable levels by time:
     D:1: 850 daAuts
     D:2: 799 daAuts
     D:3: 167 daAuts
